 Dungeon Crawl Stone Soup version 0.30-a0-50-gb2d611f6b1 (webtiles) character file.

Game seed: 105074881768823964

10205 AarnesTheHuman the Fighter (level 11, 72/72 HPs)
             Began as a Tengu Air Elementalist on Sept 4, 2022.
             Was an Elder of Zin.
             Got out of the dungeon alive.
             The game lasted 00:36:56 (14692 turns).

AarnesTheHuman the Fighter (TeAE)                  Turns: 14692, Time: 00:36:57

Health: 72/72      AC:  6    Str:  8    XL:     11   Next: 58%
Magic:  25/25      EV: 16    Int: 34    God:    Zin [****..]
Gold:   386        SH:  5    Dex: 16    Spells: 20/29 levels left

rFire   . . .      SeeInvis .    a - +2 dagger (flame)
rCold   . . .      Faith    .    (no shield)
rNeg    + . .      Spirit   .    u - +0 robe
rPois   .          Reflect  +    G - +0 hat
rElec   .          Harm     .    y - +1 cloak of Noon {Int+3}
rCorr   .          Rampage  .    g - +1 pair of gloves
Will    .....                    (boots unavailable)
Stlth   ++........               h - amulet "Jawifoku" {Reflect rN+ SH+5}
HPRegen 0.22/turn                o - +6 ring of intelligence
MPRegen 0.19/turn                s - +6 ring of intelligence

@: flying quickly and evasively, quick
A: beak, talons 3, nimble flight
a: Renounce Religion, Recite, Vitalisation, Imprison, Donate Gold


You escaped.
You worshipped Zin.
Zin was greatly pleased with you.
You visited 2 branches of the dungeon, and saw 10 of its levels.
You also visited: Ossuary and Bailey.

You collected 494 gold pieces.
You donated 108 gold pieces to Zin.

Inventory:

Hand Weapons
 a - a +2 dagger of flaming (weapon)
 e - a +0 dagger
 l - a +5 scimitar of freezing
Missiles
 f - 84 stones
Armour
 g - a +1 pair of gloves (worn)
 u - a +0 robe (worn)
 y - the +1 cloak of Noon (worn) {Int+3}
   (You found it in a bailey)

   Int:       It affects your intelligence (+3).
 G - a +0 hat (worn)
Jewellery
 h - the amulet "Jawifoku" (around neck) {Reflect rN+ SH+5}
   (You acquired it on level 4 of the Dungeon)

   [amulet of reflection]

   It reflects blocked missile attacks.
   rN:        It protects you from negative energy.
   SH:        It affects your SH (+5).
 o - a +6 ring of intelligence (left hand)
 q - a ring of resist corrosion
 s - a +6 ring of intelligence (right hand)
Wands
 w - a wand of acid (11)
 C - a wand of flame (17)
Scrolls
 k - 7 scrolls of teleportation
 m - 6 scrolls of identify
 n - 4 scrolls of enchant weapon
 v - a scroll of fear
 z - a scroll of enchant armour
 B - 2 scrolls of butterflies
 D - 2 scrolls of magic mapping
Potions
 b - a potion of magic
 c - 6 potions of heal wounds
 d - 8 potions of brilliance
 i - 3 potions of resistance
 j - 2 potions of attraction
 p - 5 potions of curing
 r - 3 potions of haste
 t - 2 potions of berserk rage
 x - 2 potions of might {unknown}
 A - a potion of cancellation {unknown}
 E - 2 potions of invisibility
 F - a potion of lignification


   Skills:
 - Level 10.0 Fighting
 - Level 5.0 Armour
 - Level 4.0 Dodging
 - Level 2.0 Stealth
 - Level 1.4 Unarmed Combat
 + Level 9.6 Spellcasting
 - Level 7.0 Conjurations
 - Level 7.0 Air Magic
 - Level 4.0 Poison Magic
 - Level 4.0 Invocations


You had 20 spell levels left.
You knew the following spells:

 Your Spells              Type           Power      Damage    Failure   Level
a - Shock                 Conj/Air       100%       1d9       1%          1
b - Poisonous Vapours     Pois/Air       100%       N/A       1%          2
c - Airstrike             Air            29%        2d(5-21)  1%          4
d - Static Discharge      Conj/Air       100%       3-10/arc  1%          2

Your spell library contained the following spells:

 Spells                   Type           Power      Damage    Failure   Level
 Swiftness                Air            59%        N/A       1%          3
 Beastly Appendage        Tmut           32%        N/A       2%          1
 Spider Form              Tmut/Pois      30%        N/A       3%          3
 Wereblood                Tmut           16%        N/A       4%          2
 Corpse Rot               Necr/Pois/Air  41%        N/A       6%          4
 Gell's Gravitas          Tloc           16%        N/A       9%          3
 Lesser Beckoning         Tloc           16%        N/A       9%          3
 Portal Projectile        Hex/Tloc       32%        N/A       9%          3
 Teleport Other           Tloc           16%        N/A       9%          3
 Tukima's Dance           Hex            16%        N/A       9%          3
 Dispel Undead            Necr           16%        3d10      28%         4
 Blade Hands              Tmut           8%         N/A       61%         5
 Death Channel            Necr           8%         N/A       99%         6
 Summon Cactus Giant      Summ           8%         N/A       99%         6
 Spellforged Servitor     Conj/Summ      20%        N/A       99%         7


Dungeon Overview and Level Annotations

Branches:
Dungeon (9/15)             Temple (1/1) D:4            Lair (0/5) D:9
    Orc (0/2) D:9         Ossuary (visited)          Bailey (visited)

Altars:
Cheibriados
Dithmenos
Elyvilon
Fedhas
Hepliaklqana
Kikubaaqudgha
Makhleb
Nemelex Xobeh
Okawaru
Qazlal
Ru
Sif Muna
Trog
Uskayaw
Vehumet
Wu Jian
Xom
Yredelemnul
Zin
The Shining One

Shops:
D:5 ?   D:6 [(=   D:7 !   D:8 =   D:9 *[([

Annotations:
D:3 exclusion: 2 downstairs


Innate Abilities, Weirdness & Mutations

You have a beak for a mouth.
You have claws for feet.
Your magical nature lets you fly swiftly and evasively.


Message History

The kobold is struck by an arc of lightning!
You kill the kobold!
You are struck by an arc of lightning.
(D) Dungeon (T) Temple (L) Lair (O) Orcish Mines
Where to? (Enter - D:8 @ (x,y), ? - help)
What level of the Dungeon? (default 1, ? - help)
Items here: ( ))) †.
Things that are here:
a +0 club; a +0 leather armour; a +0 short sword
There is a stone staircase leading up, spattered with blood here.
You fly upwards.
Magic restored.
There is a stone staircase leading down here.
There is a stone staircase leading up here.
You fly upwards.
There is a stone staircase leading down here.
There is a stone staircase leading up here.
You fly upwards.
There is a stone staircase leading down here.
There is a stone staircase leading up here.
You fly upwards.
There is a stone staircase leading down here.
There is a stone staircase leading up here.
You fly upwards.
There is a stone staircase leading down here.
You see here a +0 quarterstaff.
There is a stone staircase leading up here.
You fly upwards.
Level annotation: exclusion: 2 downstairs
There is a stone staircase leading down here.
There is a stone staircase leading up here.
You fly upwards.
There is a stone staircase leading down here.
There is a stone staircase leading up here.
You fly upwards.
There is a stone staircase leading down here.
You reach down and open the door.
There is an open door here.
There is a staircase leading out of the dungeon here.
Are you sure you want to leave the Dungeon?
This will make you lose the game!
You have escaped!

#.# #.........# ##.## ### #.#
##.......## #.# #.. #.###
##...>.## #.# #.#
##...######...## ##'## #.#
#........###..# ##...## #.#
#.##.###.# ##.## #####.....## #.#
..##.# #.# #..# #..........###.#
..##.###.####..♣♣♣.♣♣♣♣♣.....##..
...............♣@......♣.....'...
..#.####.####..♣.PPPPP.♣.....####
..#.####.# ##.♣.P~~~P.♣....## #
#........# #.♣.P~8~P.♣...##
###.###### #.♣.P~≈~P.♣..## #.#
#.♣.PPPPP.♣'## #.# #.♣.......♣.#
#.# #####.♣♣♣♣♣♣♣♣♣.# ###.#
#.)......# ##.##


There were no monsters in sight!

Vanquished Creatures
  3 death yaks
  Pikel (D:7)
  3 orc knights (Bailey)
  Maggie (D:7)
  Psyche (D:8)
  Prince Ribbit (D:8)
  A wraith (Ossuary)
  9 yaks
  2 steam dragons
  Menkaure (D:5)
  Edmund (D:6)
  An acid dragon (D:8)
  A water moccasin (D:7)
  2 black bears
  4 orc warriors
  2 sky beasts
  An ice beast (D:7)
  4 centaurs
  2 phantoms (D:4)
  2 kobold brigands
  2 bullfrogs
  3 necrophages
  3 scorpions
  14 wights
  2 killer bees (D:8)
  An electric eel (D:6)
  3 howler monkeys
  4 hounds
  2 jellies
  3 orc priests
  Jessica (D:2)
  5 iguanas
  Natasha (thrice) (D:3)
  7 orc wizards
  3 mummies (Ossuary)
  Robin (D:2)
  5 gnolls (D:6)
  7 adders
  An ufetubus (D:6)
  7 worms
  A dart slug (D:3)
  46 orcs
  5 bats (D:1)
  6 endoplasms
  4 giant cockroaches
  17 goblins
  9 hobgoblins
  19 kobolds
  4 quokkas
  7 ball pythons
  A frilled lizard (D:1)
  4 goblin zombies (Ossuary)
  3 hobgoblin zombies (Ossuary)
  3 kobold zombies (Ossuary)
  6 rats
255 creatures vanquished.

Notes
Turn   | Place    | Note
-------+----------+-------------------------------------------
     0 | D:1      | AarnesTheHuman the Tengu Air Elementalist began the quest
                  | for the Orb.
     0 | D:1      | Reached XP level 1. HP: 10/10 MP: 4/4
   262 | D:1      | Reached XP level 2. HP: 15/15 MP: 3/6
   462 | D:1      | Reached skill level 5 in Air Magic
   793 | D:1      | Got the Atlas of Toxic Rallying
  1058 | D:1      | Reached XP level 3. HP: 19/19 MP: 3/7
  1386 | D:2      | Noticed Robin
  1516 | D:2      | Killed Robin
  1839 | D:2      | Reached XP level 4. HP: 24/24 MP: 2/8
  2313 | D:2      | Noticed Jessica
  2318 | D:2      | Learned a level 2 spell: Poisonous Vapours
  2321 | D:2      | Killed Jessica
  2322 | D:2      | Reached skill level 1 in Fighting
  2322 | D:2      | Gained mutation: Your magical nature lets you fly swiftly
                  | and evasively. [Tengu growth]
  2322 | D:2      | Reached XP level 5. HP: 18/29 MP: 3/9
  2632 | D:2      | Found a faded altar of an unknown god.
  2958 | D:3      | Noticed Natasha
  2968 | D:3      | Killed Natasha
  3208 | D:3      | Noticed Natasha
  3246 | D:3      | Killed Natasha
  3247 | D:3      | Reached skill level 2 in Fighting
  3256 | D:3      | Noticed Natasha
  3261 | D:3      | Killed Natasha
  3262 | D:3      | Reached XP level 6. HP: 36/36 MP: 0/11
  3404 | D:4      | Identified a scroll of acquirement
  3404 | D:4      | Acquired the amulet "Jawifoku" {Reflect rN+ SH+5}
  3465 | D:4      | Noticed a sky beast
  3576 | D:4      | Reached skill level 3 in Fighting
  3592 | D:4      | Noticed a black bear
  3700 | D:4      | Learned a level 4 spell: Airstrike
  3787 | D:4      | Found a staircase to the Ecumenical Temple.
  3812 | D:4      | Killed a black bear
  3813 | D:4      | Reached XP level 7. HP: 30/42 MP: 1/14
  3927 | D:4      | Reached skill level 4 in Fighting
  4212 | D:4      | Learned a level 2 spell: Static Discharge
  4527 | D:5      | Entered Level 5 of the Dungeon
  4527 | D:5      | Found Rionki Ranaw's Magic Scroll Shop.
  4753 | D:5      | Reached skill level 5 in Spellcasting
  4858 | D:5      | Found a sand-covered staircase.
  4865 | Ossuary  | Entered an ossuary
  4865 | Ossuary  | Noticed a wraith
  4865 | Ossuary  | Noticed a wraith
  4865 | Ossuary  | Noticed a wraith
  5430 | Ossuary  | Reached skill level 5 in Fighting
  5517 | Ossuary  | Noticed a wraith
  5521 | Ossuary  | Killed a wraith
  5522 | Ossuary  | Reached XP level 8. HP: 26/50 MP: 11/17
  5880 | Temple   | Entered the Ecumenical Temple
  6162 | Temple   | Became a worshipper of Zin the Law-Giver
  6162 | Temple   | Reached * piety under Zin
  6163 | Temple   | Donated 59 gold pieces to Zin
  6573 | D:5      | Noticed Menkaure
  6612 | D:5      | Killed Menkaure
  6613 | D:5      | Reached skill level 6 in Fighting
  6613 | D:5      | Reached skill level 1 in Unarmed Combat
  6883 | D:5      | Reached skill level 1 in Armour
  8003 | D:6      | Reached XP level 9. HP: 55/55 MP: 14/19
  8016 | D:6      | Reached skill level 5 in Armour
  8302 | D:6      | Found Mestreof's Antique Armour Shoppe.
  8304 | D:6      | Found Cesevif's Antique Weapon Shop.
  8306 | D:6      | Found Vetwo's Jewellery Boutique.
  8324 | D:6      | Reached ** piety under Zin
  8544 | D:6      | Noticed Edmund
  8561 | D:6      | Killed Edmund
  9421 | D:7      | Reached skill level 7 in Fighting
  9503 | D:7      | Noticed Maggie
  9519 | D:7      | Killed Maggie
 10167 | D:7      | Reached XP level 10. HP: 56/64 MP: 13/22
 10250 | D:7      | Noticed Pikel
 10262 | D:7      | Killed Pikel
 10263 | D:7      | Reached skill level 8 in Fighting
 10263 | D:7      | Reached skill level 1 in Poison Magic
 10263 | D:7      | Reached skill level 1 in Invocations
 10432 | D:7      | Found Pezal's Distillery.
 10543 | D:7      | Identified the +2 ring mail of the Constellations {rF+}
 11228 | D:8      | Noticed Psyche
 11236 | D:8      | Noticed Prince Ribbit
 11242 | D:8      | Killed Prince Ribbit
 11294 | D:8      | Found a sparkling altar of Nemelex Xobeh.
 11373 | D:8      | Found a flagged portal.
 11386 | Bailey   | Entered a bailey
 11658 | Bailey   | Noticed an orc knight
 11668 | Bailey   | Noticed an orc knight
 11723 | Bailey   | Killed an orc knight
 11729 | Bailey   | Killed an orc knight
 11730 | Bailey   | Reached skill level 9 in Fighting
 11814 | Bailey   | Reached *** piety under Zin
 11816 | Bailey   | Noticed an orc knight
 11848 | Bailey   | Killed an orc knight
 12199 | Bailey   | Identified the +1 cloak of Noon {Int+3}
 12668 | D:8      | Reached XP level 11. HP: 72/72 MP: 11/24
 12939 | D:8      | Killed Psyche
 12940 | D:8      | Reached skill level 10 in Fighting
 13009 | D:8      | Found Suve Teng's Jewellery Emporium.
 13060 | D:9      | Found Udwor's Armour Shoppe.
 13060 | D:9      | Found a staircase to the Orcish Mines.
 13060 | D:9      | Found Canifu's Weapon Shoppe.
 13184 | D:9      | Reached **** piety under Zin
 13314 | D:9      | Reached skill level 5 in Conjurations
 13535 | D:9      | Found Fagiomuf's Armour Shop.
 13539 | D:9      | Found Jevoihevocs's Assorted Antiques.
 13721 | D:9      | Noticed a death yak
 13731 | D:9      | Killed a death yak
 13831 | D:9      | Found a staircase to the Lair.
 13832 | D:9      | Noticed a death yak
 13847 | D:9      | Noticed a death yak
 13848 | D:9      | Killed a death yak
 14103 | D:8      | Killed a death yak
 14133 | D:9      | HP: 3/72 [/static electricity (4)]
 14692 | D:$      | Got out of the dungeon alive.

Illustrated notes

Levels and vault maps discovered:
D:1:      tarquinn_simple_flora_water_a, layout_loops_corners
D:2:      layout_basic, ebering_ecumenical_altar_rust, uniq_robin, uniq_jessica
D:3:      layout_rooms, uniq_natasha
D:4:      layout_rooms, minmay_temple_entry_drinking_statues
D:5:      layout_loops_corners, serial_shops, nicolae_stop_n_shop_1,
          chequers_ossuary_entry_cave, minmay_circle_x, uniq_menkaure
D:6:      cheibrodos_quashed, layout_basic, nicolae_wooded_promenade,
          minmay_crystal_room, dreamdust_gnoll_farm, uniq_edmund
D:7:      layout_loops_cross, serial_shops, shop,
          hangedman_abyss_or_decor_stabs, feat_on_display, uniq_maggie,
          uniq_pikel
D:8:      layout_basic, nemelex_xobeh_ov_fountains_minmay, serial_shops,
          kennysheep_mini, enter_bailey_5, hex_tiny,
          minmay_fractal_squares_gapless_5, uniq_psyche, uniq_prince_ribbit1
D:9:      layout_long_grid, minitemple, dpeg_lair_monsters, orc_david_3,
          serial_shops, nicolae_diamond_shop, shop, nicolae_square_shop,
          shop_fountains, small_statue_intersection
Temple:   compressed_dpeg_triangle_lava_temple

Skill      XL: |  1  2  3  4  5  6  7  8  9 10 11 |
---------------+----------------------------------+-----
Air Magic      | 5 6 7 |  7.0
Fighting       | 1 2 3 5 6 7 9 10 | 10.0
Spellcasting   | 3 4 5 6 7 8 9 |  9.6
Unarmed Combat | 1 |  1.4
Armour         | 3 5 |  5.0
Conjurations   | 4 7 |  7.0
Dodging        | 4 |  4.0
Poison Magic   | 4 |  4.0
Invocations    | 4 |  4.0
Stealth        | |  2.0

Action                   |  1- 3 |  4- 6 |  7- 9 | 10-12 || total
-------------------------+-------+-------+-------+-------++-------
Melee: Dagger            |    12 |    42 |    18 |    26 ||    98
       Kick              |     3 |    15 |     5 |    10 ||    33
       Peck              |     2 |     4 |     4 |     7 ||    17
 Cast: Shock             |    76 |    85 |   131 |    79 ||   371
       Poisonous Vapours |       |    18 |    37 |    81 ||   136
       Static Discharge  |       |       |    41 |    46 ||    87
       Airstrike         |       |       |    11 |    10 ||    21
Invok: Donate Gold       |       |       |     1 |       ||     1
  Use: Scroll            |       |    11 |    15 |       ||    26
 Stab: Distracted        |       |       |     1 |       ||     1
Armor: Robe              |     9 |    17 |     6 |     7 ||    39
       Skin              |       |       |       |     2 ||     2
Dodge: Dodged            |    26 |    44 |    45 |    68 ||   183
Block: Other             |       |     8 |    10 |    18 ||    36
       Reflection        |       |       |     2 |     1 ||     3

Table legend: (Time is in decaauts)
 A = Elapsed time spent in this place.
 B = Non-inter-level travel time spent in this place.
 C = Inter-level travel time spent in this place.
 D = Time resting spent in this place.
 E = Time spent auto-exploring this place.
 F = Levels seen in this place.
 G = Mean time per level.
                   A        B        C        D        E       F      G
               +--------+--------+--------+--------+--------+-----+--------+
         Total |  14186 |  13654 |    532 |   2667 |   8869 |  12 | 1182.2 |
       Dungeon |  12097 |  11615 |    482 |   2121 |   7780 |   9 | 1344.1 |
        Temple |    272 |    222 |     50 |      0 |    191 |   1 |  272.0 |
       Ossuary |    892 |    892 |      0 |    217 |    542 |   1 |  892.0 |
        Bailey |    922 |    922 |      0 |    329 |    354 |   1 |  922.0 |
               +--------+--------+--------+--------+--------+-----+--------+

Top non-repeatable levels by time:
     D:5: 1829 daAuts
     D:8: 1601 daAuts
     D:6: 1575 daAuts
     D:1: 1568 daAuts
     D:7: 1391 daAuts
     D:2: 1198 daAuts
     D:9: 1148 daAuts
     D:4: 944 daAuts
  Bailey: 922 daAuts
 Ossuary: 892 daAuts
     D:3: 839 daAuts
  Temple: 272 daAuts
